 Dungeon Crawl Stone Soup version 0.30.1-11-g7821555f0a (webtiles) character file.

Game seed: 15385314543248537368

38 KittyFluff the Trooper (level 3, 0/34 HPs)
             Began as a Gargoyle Berserker on Nov 24, 2023.
             Was a Follower of Trog.
             Slain by a gnoll
             ... wielding a +1 halberd of protection
              (9 damage)
             ... on level 3 of the Dungeon.
             The game lasted 00:05:09 (1424 turns).

KittyFluff the Trooper (Gargoyle Berserker)         Turns: 1424, Time: 00:05:10

Health: 0/34       AC:  6    Str: 22    XL:     3   Next: 43%
Magic:  3/3        EV: 11    Int:  7    God:    Trog [*.....]
Gold:   114        SH:  0    Dex:  9    Spells: 2/2 levels left

rFire   . . .        a - +0 mace
rCold   . . .        (no shield)
rNeg    + . .        j - +0 leather armour
rPois   ∞            (no helmet)
rElec   +            (no cloak)
rCorr   .            (no gloves)
SInv    .            (no boots)
Will    .....        (no amulet) Stlth
                     (no ring)
HPRegen 0.25/turn    (no ring)
MPRegen 0.08/turn

%: no passive effects
@: berserking, very quick
A: sickness immunity, AC +3, negative energy resistance 1, electricity
resistance, torment resistance 1, petrification resistance
a: Renounce Religion, Berserk


You were on level 3 of the Dungeon.
You worshipped Trog.
Trog was aware of your devotion.
You visited 1 branch of the dungeon, and saw 3 of its levels.

You collected 114 gold pieces.

Inventory:

Hand Weapons
 a - a +0 mace (weapon)
 h - a +0 sling
Missiles
 l - a throwing net (quivered)
Armour
 j - a +0 leather armour (worn)
Scrolls
 b - 2 scrolls of teleportation {unknown}
 c - a scroll of amnesia {unknown}
 f - a scroll of blinking {unknown}
 i - a scroll of torment {unknown}
 m - a scroll of brand weapon {unknown}
 o - a scroll of identify {unknown}
 p - a scroll of noise {unknown}
Potions
 d - 2 potions of heal wounds {unknown}
 e - a potion of attraction {unknown}
 g - a potion of flight {unknown}
 k - 2 potions of lignification {unknown}
 n - a potion of haste {unknown}


   Skills:
 + Level 3.4 Fighting
 * Level 3.4 Maces & Flails
 * Level 3.0 Armour
 + Level 1.8 Dodging
 + Level 1.0 Stealth


You had 2 spell levels left.
You didn't know any spells.
Your spell library was empty.

Dungeon Overview and Level Annotations

Branches:
Dungeon (3/15)

Altars:
Dithmenos


Innate Abilities, Weirdness & Mutations

You are immune to sickness and miasma.
Your stone body is resilient. (AC +3)
You are immune to poison.
You resist negative energy. (rN+)
You are resistant to electric shocks. (rElec)
You are resistant to unholy torment.
You are immune to petrification.


Message History

You now have 108 gold pieces (gained 15).
You now have 114 gold pieces (gained 6).
Found a scroll labelled BIOLUANUET.
b - 2 scrolls labelled BIOLUANUET (gained 1)
Found a scroll labelled JUPNYFA KIANN.
p - a scroll labelled JUPNYFA KIANN
There is a stone staircase leading down here.
You climb downwards.
There is a stone staircase leading up here.
Found a smoky pink potion.
Found a stone staircase leading up.
d - 2 smoky pink potions (gained 1)
An orc comes into view. It is wielding a +0 club.
The orc hits you but does no damage.
You hit the orc.
The orc is moderately wounded.
The orc hits you but does no damage.
You thump the orc!
You kill the orc!
Trog accepts your kill.
Your Stealth skill increases to level 1!
Things that are here:
a +0 club; an orc corpse A gnoll comes into view.
It is wielding a +0 halberd.
The gnoll shouts!
You hear a shout!
A gnoll comes into view.
It is wielding a +1 halberd of protection.
The gnoll barely misses you.
You barely miss the gnoll. The gnoll hits you with a +0 halberd.
The gnoll hits you from afar with a +1 halberd of protection!
You barely miss the gnoll. You punch the gnoll, but do no damage.
The gnoll hits you with a +0 halberd. The gnoll closely misses you.
The gnoll hits you from afar with a +1 halberd of protection.
* * * LOW HITPOINT WARNING * * *
The gnoll barely misses you.
You barely miss the gnoll. The gnoll closely misses you.
The gnoll hits you but does no damage.
A red film seems to cover your vision as you go berserk!
You feel yourself moving faster!
You feel mighty!
The gnoll hits you from afar with a +1 halberd of protection!
You die...

#.#.
###.####.########.#.
..... .............
..... ...........##
... .........### ...
..######.# #g# # #.#
#g# #.# #@# #.#
#.###########.#
#..........)..#
###############


You could see 2 gnolls.

Vanquished Creatures
  An adder (D:2)
  A worm (D:2)
  A dart slug (D:2)
  An orc (D:3)
  A bat (D:1)
  2 endoplasms
  A giant cockroach (D:2)
  5 goblins
  2 hobgoblins
  A quokka (D:2)
  2 ball pythons
  A kobold (D:2)
  2 rats
21 creatures vanquished.

Notes
Turn   | Place    | Note
-------+----------+-------------------------------------------
     0 | D:1      | KittyFluff the Gargoyle Berserker began the quest for the
                  | Orb.
     0 | D:1      | Reached XP level 1. HP: 14/14 MP: 1/1
   520 | D:1      | Reached XP level 2. HP: 18/19 MP: 2/2
   928 | D:2      | Reached XP level 3. HP: 23/23 MP: 3/3
   959 | D:2      | Found a shadowy altar of Dithmenos.
  1408 | D:3      | Reached skill level 1 in Stealth
  1424 | D:3      | Slain by a gnoll

Illustrated notes

Levels and vault maps discovered:
D:1:      amcnicky_arrival_flooded_fountain, layout_basic, minmay_heptomino_o4
D:2:      layout_loops_ring, basic_altar, solitary_fountain
D:3:      layout_basic

Skill      XL: |  1  2  3 |
---------------+----------+-----
Armour         | 3 |  3.0
Stealth        | 1 |  1.0
Fighting       | |  3.4
Maces & Flails | |  3.4
Dodging        | |  1.8

Action                     || total
---------------------------++-------
  Melee: Mace              ||    56
         Punch             ||     1
 Invoke: Berserk           ||     1
 Armour: Animal skin       ||     5
         Leather armour    ||    15
  Dodge: Dodged            ||    32
